 Dungeon Crawl Stone Soup version 0.26-a0-971-g1d9d62bb61 (webtiles) character file.

Game seed: 13879878478651129238

676 marklar909 the Cudgeller (level 7, -2/66 HPs)
             Began as a Troll Gladiator on Dec 5, 2020.
             Was a Follower of Elyvilon.
             Slain by a gnoll
             ... wielding a +0 whip
              (11 damage)
             ... on level 5 of the Dungeon.
             The game lasted 00:05:35 (3625 turns).

marklar909 the Cudgeller (Troll Gladiator)          Turns: 3625, Time: 00:05:35

Health: -2/66      AC:  6    Str: 23    XL:     7   Next: 33%
Magic:  7/7        EV: 11    Int:  4    God:    Elyvilon [*.....]
Gold:   243        SH:  0    Dex: 13    Spells: 6/6 levels left

rFire    . . .     SeeInvis .   D - +0 giant club
rCold    . . .     Faith    .   (shield currently unavailable)
rNeg     . . .     Spirit   .   b - +0 robe
rPois    .         Reflect  .   c - +0 hat
rElec    .         Harm     .   (no cloak)
rCorr    .         Rampage  .   (gloves unavailable)
MR       .....                  (boots unavailable)
Stlth    +.........             (no amulet)
HPRegen  0.61/turn              (no ring)
MPRegen  0.10/turn              (no ring)

@: no status effects
A: large, unfitting armour, claws 3, regeneration 1, shaggy fur 1, tough skin 3
a: Lesser Healing, Divine Protection, Renounce Religion


You were on level 5 of the Dungeon.
You worshipped Elyvilon.
Elyvilon was aware of your devotion.
You visited 1 branch of the dungeon, and saw 5 of its levels.

You collected 243 gold pieces.

Inventory:

Hand Weapons
 a - a +0 flail
 D - a +0 giant club (weapon)
Missiles
 d - 3 throwing nets (quivered)
 v - 3 large rocks
 z - 4 javelins
Armour
 b - a +0 robe (worn)
 c - a +0 hat (worn)
 o - a +0 tower shield
Jewellery
 i - a cursed ring of attention {unknown}
 x - a +6 ring of strength {unknown}
 y - a cursed ring of attention {unknown}
Wands
 t - a wand of polymorph (16)
Scrolls
 e - 4 scrolls of teleportation
 f - a scroll of fog
 g - 5 scrolls of identify
 j - a scroll of enchant armour {unknown}
 k - 2 scrolls of fear {unknown}
 l - 3 scrolls of remove curse {unknown}
 m - a scroll of magic mapping {unknown}
 n - 2 scrolls of amnesia {unknown}
 A - a scroll of blinking {unknown}
Potions
 h - 5 potions of curing
 p - 2 potions of magic {unknown}
 q - a potion of lignification {unknown}
 r - a potion of flight {unknown}
 s - a potion of attraction {unknown}
 u - a potion of degeneration {unknown}
 w - a potion of might {unknown}
 B - a potion of mutation {unknown}
 C - a potion of cancellation {unknown}


   Skills:
 + Level 2.7 Fighting
 + Level 5.3 Maces & Flails
 + Level 1.8 Throwing
 + Level 3.6 Dodging
 + Level 0.4 Stealth
 * Level 2.4 Shields
 + Level 1.0 Unarmed Combat
 * Level 1.5 Invocations


You had 6 spell levels left.
You didn't know any spells.
Your spell library was empty.

Dungeon Overview and Level Annotations

Branches:
Dungeon (5/15)             Temple (0/1) D:4

Altars:
Elyvilon
Nemelex Xobeh
Sif Muna
Uskayaw
Vehumet
Wu Jian
The Shining One

Annotations:
D:4 1 runed translucent door, backslashecho's ghost, amateur DrEE


Innate Abilities, Weirdness & Mutations

You are too large for most types of armour.
You have claws for hands.
Your natural rate of healing is unusually fast.
You are covered in fur. (AC +1)
You have extremely tough skin. (AC +3)


Message History

You see here a leather armour.
The gnoll hits you but does no damage.
There is an open door here.
You barely miss the gnoll. The gnoll hits you with a +0 flail!
The gnoll hits you from afar with a +0 spear.
You bludgeon the gnoll!!
You kill the gnoll!
The gnoll barely misses you. The gnoll closely misses you.
The gnoll barely misses you.
The gnoll hits you with a +1 halberd of protection!
The gnoll sergeant hits you but does no damage.
There is an open door, spattered with blood here.
You see here a +0 flail.
You barely miss the gnoll sergeant. The gnoll hits you but does no damage.
The gnoll hits you from afar with a +0 spear.
The gnoll hits you from afar with a +0 halberd!
The gnoll hits you with a +1 halberd of protection!
* * * LOW HITPOINT WARNING * * *
The gnoll sergeant closely misses you. The gnoll hits you with a +0 whip!
You die...

....# ...### #....#
#....# . #....# ...
###....####....
#+###..............
#...#gg............
#...@g.............
#..##gg............
##..#.Z...##########
#...#.....#
#...+.....#
##..#.....#
#..#.....#
#..#.....+
#..'.....#


You could see a gnoll sergeant, 4 gnolls and a centaur zombie.

Vanquished Creatures
  2 ogres
  2 scorpions (D:4)
  A howler monkey (D:4)
  Jessica (D:3)
  Natasha (thrice) (D:3)
  2 worker ants (D:4)
  A hound skeleton (D:4)
  Robin (D:4)
  5 gnolls
  An adder (D:4)
  2 white imps
  2 oozes
  3 worms
  2 dart slugs (D:1)
  8 orcs
  2 ball pythons
  9 bats
  3 giant cockroaches
  18 goblins
  12 hobgoblins
  4 jackals (D:1)
  2 quokkas
  6 frilled lizards
  8 kobolds
  A leopard gecko skeleton (D:4)
  9 rats
110 creatures vanquished.

Notes
Turn   | Place    | Note
-------+----------+-------------------------------------------
     0 | D:1      | marklar909 the Troll Gladiator began the quest for the Orb.
     0 | D:1      | Reached XP level 1. HP: 19/19 MP: 0/0
    58 | D:1      | Reached skill level 3 in Maces & Flails
    63 | D:1      | Reached XP level 2. HP: 26/28 MP: 1/1
   361 | D:1      | Reached XP level 3. HP: 35/35 MP: 2/2
   513 | D:2      | Found a sparkling altar of Nemelex Xobeh.
   532 | D:2      | Noticed a water moccasin
  1150 | D:2      | Found a faded altar of an unknown god.
  1527 | D:3      | Reached XP level 4. HP: 38/42 MP: 3/3
  1675 | D:3      | Reached skill level 4 in Maces & Flails
  1782 | D:3      | Noticed Jessica
  1791 | D:3      | Killed Jessica
  1792 | D:3      | Reached XP level 5. HP: 49/49 MP: 4/4
  1879 | D:3      | Found a glowing golden altar of the Shining One.
  2014 | D:3      | Found a hide-covered altar of Uskayaw.
  2025 | D:3      | Found a shimmering blue altar of Sif Muna.
  2111 | D:3      | Noticed Natasha
  2117 | D:3      | Killed Natasha
  2118 | D:3      | Reached skill level 1 in Shields
  2119 | D:3      | Found an ornate altar of the Wu Jian Council.
  2184 | D:3      | Noticed Natasha
  2208 | D:3      | Killed Natasha
  2248 | D:3      | Noticed Natasha
  2255 | D:3      | Killed Natasha
  2287 | D:3      | Found a white marble altar of Elyvilon.
  2287 | D:3      | Found a radiant altar of Vehumet.
  2464 | D:3      | Became a worshipper of Elyvilon the Healer
  2632 | D:4      | Reached XP level 6. HP: 58/58 MP: 5/5
  2642 | D:4      | Found a staircase to the Ecumenical Temple.
  2685 | D:4      | Found a runed translucent door.
  2763 | D:4      | Noticed backslashecho's ghost (amateur DrEE)
  2901 | D:4      | Reached skill level 1 in Unarmed Combat
  3079 | D:4      | Noticed Robin
  3092 | D:4      | Killed Robin
  3288 | D:4      | Reached skill level 5 in Maces & Flails
  3288 | D:4      | Reached skill level 1 in Invocations
  3300 | D:4      | Reached XP level 7. HP: 47/66 MP: 6/6
  3530 | D:5      | Entered Level 5 of the Dungeon
  3590 | D:5      | Reached * piety under Elyvilon
  3625 | D:5      | Slain by a gnoll

Illustrated notes

Levels and vault maps discovered:
D:1:      dpeg_arrival_tiny_f, layout_basic, minmay_small_reverse_x
D:2:      lemuel_upstairs_altar, layout_basic, nemelex_altar_shiori,
          chequers_ecumenical_altar_simple
D:3:      layout_loops_ring, amethyst_overflow_temple_binary,
          gammafunk_temple_overflow_elements, tso_metal_star,
          lemuel_coloured_pillars_altar, uniq_natasha, uniq_jessica
D:4:      layout_loops_cross, minmay_temple_entry_ruins,
          hellmonk_ghost_happy_afterlife, kennysheep_dice, uniq_robin
D:5:      layout_gridville, nicolae_overflow_hidden_temple,
          nicolae_dithmenos_through_a_glass_darkly, uniq_sigmund

Skill      XL: |  1  2  3  4  5  6 |
---------------+-------------------+-----
Maces & Flails | 3 4 5 |  5.3
Fighting       | 2 |  2.7
Dodging        | 3 |  3.6
Shields        | 1 2 |  2.4
Unarmed Combat | 1 |  1.0
Invocations    | 1 |  1.5
Throwing       | |  1.8
Stealth        | |  0.4

Action                   |  1- 3 |  4- 6 |  7- 9 || total
-------------------------+-------+-------+-------++-------
Melee: Flail             |   151 |   237 |       ||   388
       Unarmed           |       |    24 |       ||    24
       Giant club        |       |       |    13 ||    13
  Use: Scroll            |     2 |       |       ||     2
       Potion            |     1 |       |       ||     1
Armor: Robe              |    90 |    61 |     6 ||   157
       Skin              |       |     1 |       ||     1
Dodge: Dodged            |   103 |    71 |     9 ||   183
Block: Tower shield      |    29 |   144 |       ||   173

Table legend: (Time is in decaauts)
 A = Elapsed time spent in this place.
 B = Non-inter-level travel time spent in this place.
 C = Inter-level travel time spent in this place.
 D = Time resting spent in this place.
 E = Time spent auto-exploring this place.
 F = Levels seen in this place.
 G = Mean time per level.
                   A        B        C        D        E       F      G
               +--------+--------+--------+--------+--------+-----+--------+
         Total |   3769 |   3517 |    252 |    155 |   2388 |   5 |  753.8 |
       Dungeon |   3769 |   3517 |    252 |    155 |   2388 |   5 |  753.8 |
               +--------+--------+--------+--------+--------+-----+--------+

Top non-repeatable levels by time:
     D:3: 1175 daAuts
     D:4: 1077 daAuts
     D:2: 933 daAuts
     D:1: 485 daAuts
     D:5: 97 daAuts
